 Dungeon Crawl Stone Soup version 0.28-a0-1080-g05a166d0ed (webtiles) character file.

Game seed: 1716899566975168084

38 ytrimaz the Vexing (level 3, 0/14 HPs)
             Began as a Felid Enchanter on Dec 9, 2021.
             Frozen to death by an endoplasm (4 damage)
             ... on level 2 of the Dungeon.
             The game lasted 00:02:06 (2122 turns).

ytrimaz the Vexing (Felid Enchanter)                Turns: 2122, Time: 00:02:06

Health: 0/14       AC:  1    Str:  4    XL:     3   Next: 25%
Magic:  5/7        EV: 18    Int: 18    God:
Gold:   33         SH:  0    Dex: 16    Spells: 1/6 levels left
                                        Lives:  0   Deaths: 0

rFire   . . .      SeeInvis +     - Unarmed
rCold   . . .      Faith    .   (shield unavailable)
rNeg    . . .      Spirit   .   (armour unavailable)
rPois   .          Reflect  .   (helmet unavailable)
rElec   .          Harm     .   (cloak unavailable)
rCorr   .          Rampage  .   (gloves unavailable)
Will    .....                   (boots unavailable)
Stlth   +++.......              (no amulet)
HPRegen 0.04/turn               (no ring)
MPRegen 0.10/turn               (no ring)

@: quick
A: very small, claws 1, fangs 3, see invisible, speed 1, shaggy fur 1, stealthy
paws, no weapons or thrown items, no armour, multi-lived
a: no special abilities


You were on level 2 of the Dungeon.
You visited 1 branch of the dungeon, and saw 2 of its levels.

You collected 33 gold pieces.

Inventory:

Jewellery
 f - a ring of positive energy
Scrolls
 b - a scroll of fog
Potions
 a - a potion of invisibility
 c - a potion of might {unknown}
 d - a potion of flight {unknown}
 e - 2 potions of curing {unknown}


   Skills:
 * Level 3.2 Dodging
 + Level 4.9 Stealth
 - Level 1.0 Unarmed Combat
 * Level 2.3 Spellcasting
 + Level 4.9 Hexes


You had one spell level left.
You knew the following spells:

 Your Spells              Type           Power      Damage    Failure   Level
a - Ensorcelled Hibernat  Hex/Ice        22%        N/A       10%         2
b - Confusing Touch       Hex            20%        N/A       7%          3

Your spell library contained the following spells:

 Spells                   Type           Power      Damage    Failure   Level
 Tukima's Dance           Hex            20%        N/A       7%          3
 Dazzling Flash           Conj/Hex       22%        N/A       19%         3


Dungeon Overview and Level Annotations

Branches:
Dungeon (2/15)

Altars:


Innate Abilities, Weirdness & Mutations

You have sharp claws.
You have razor-sharp teeth.
You have supernaturally acute eyesight. (SInv)
You cover ground quickly. (Speed+)
You are covered in fur. (AC +1)
Your paws help you pounce on unaware monsters.
You are incapable of wielding weapons or throwing items.
You cannot wear armour.
You gain extra lives every three experience levels.


Message History

You kill the ball python!
The hobgoblin shouts!
You see here a ball python corpse.
You completely miss the endoplasm. The endoplasm hits you.
You barely miss the endoplasm. The endoplasm freezes you.
You are frozen.
The hobgoblin barely misses you. The hobgoblin completely misses you.
Casting: Confusing Touch (potentially lethal; 7% risk of failure)
Confirm with . or Enter, or press ? or * to list all spells.
The spell is potentially lethal to miscast (7% risk of failure)!
Continue anyway?
Your paws begin to glow red.
Unknown command.
You scratch the hobgoblin but do no damage.
The hobgoblin appears confused.
The hobgoblin closely misses you.
You scratch the hobgoblin.
The hobgoblin is heavily wounded.
The hobgoblin completely misses you.
You scratch the hobgoblin.
You kill the hobgoblin!
You scratch the endoplasm.
The endoplasm is heavily wounded.
The endoplasm hits you.
You scratch the endoplasm but do no damage.
You bite the endoplasm, but do no damage.
The endoplasm is heavily wounded.
The endoplasm freezes you.
You are frozen.
* * * LOW HITPOINT WARNING * * *
You barely miss the endoplasm.
The endoplasm is heavily wounded.
The endoplasm misses you.
Unknown command.
Casting: Confusing Touch (potentially lethal; 7% risk of failure)
Confirm with . or Enter, or press ? or * to list all spells.
Okay, then.
The endoplasm freezes you.
You are frozen.
You die...

#.###.....##########..≈≈≈≈≈≈≈
#.#...................≈≈≈≈≈≈.
##.#.......###########.≈P≈≈≈≈≈
#......................$PP≈≈≈≈
###.†......###########..≈.≈≈≈≈
####.######...# #..≈≈≈≈≈≈
#........##...# ######...$.≈≈≈
#........##...####......#†..≈≈≈
#........##...@J...........≈≈≈≈
#...†....#########.....##......
#........# #.....###....≈
#........####### ##.."## ###..
####+#.........# #...# ..
#.#######.# #.(.# # #.# #.#
##### # #.# #.# # #.# #.# #


You could see an endoplasm.

Vanquished Creatures
  A worm (D:2)
  4 bats (D:1)
  5 endoplasms (D:1)
  2 giant cockroaches
  A goblin (D:1)
  6 hobgoblins
  2 kobolds (D:1)
  A quokka (D:1)
  2 ball pythons
  A frilled lizard (D:1)
  5 rats
30 creatures vanquished.

Vanquished Creatures (others)
  8 plants (D:2)
8 creatures vanquished.

Grand Total: 38 creatures vanquished

Notes
Turn   | Place    | Note
-------+----------+-------------------------------------------
     0 | D:1      | ytrimaz the Felid Enchanter began the quest for the Orb.
     0 | D:1      | Reached XP level 1. HP: 7/7 MP: 4/4
    88 | D:1      | Found a faded altar of an unknown god.
   341 | D:1      | Reached XP level 2. HP: 11/11 MP: 6/6
   824 | D:1      | Learned a level 2 spell: Ensorcelled Hibernation
  1653 | D:2      | Reached XP level 3. HP: 7/14 MP: 7/7
  1657 | D:2      | Learned a level 3 spell: Confusing Touch
  2122 | D:2      | Frozen to death by an endoplasm

Illustrated notes

Levels and vault maps discovered:
D:1:      giann_horns, layout_basic, shapermc_ecumenical_altar_mp_urbaneastern,
          lemuel_another_geyser
D:2:      layout_basic, chequers_big_river, uniq_robin

Skill      XL: |  1  2 |
---------------+-------+-----
Dodging        | 3 |  3.2
Stealth        | |  4.9
Unarmed Combat | |  1.0
Spellcasting   | |  2.3
Hexes          | |  4.9

Action                   || total
-------------------------++-------
Melee: Unarmed           ||    99
       Bite              ||    12
 Cast: Confusing Touch   ||     2
       Ensorcelled Hiber ||     2
  Use: Scroll            ||     4
 Stab: Sleeping          ||    10
       Distracted        ||     1
Armor: Skin              ||     5
Dodge: Dodged            ||    58

Table legend: (Time is in decaauts)
 A = Elapsed time spent in this place.
 B = Non-inter-level travel time spent in this place.
 C = Inter-level travel time spent in this place.
 D = Time resting spent in this place.
 E = Time spent auto-exploring this place.
 F = Levels seen in this place.
 G = Mean time per level.
                   A        B        C        D        E       F      G
               +--------+--------+--------+--------+--------+-----+--------+
         Total |   1966 |   1951 |     15 |    324 |   1322 |   2 |  983.0 |
       Dungeon |   1966 |   1951 |     15 |    324 |   1322 |   2 |  983.0 |
               +--------+--------+--------+--------+--------+-----+--------+

Top non-repeatable levels by time:
     D:1: 1505 daAuts
     D:2: 461 daAuts
